 Dungeon Crawl Stone Soup version 0.19-a0-1714-gcab94ab (webtiles) character file.

90 st0uf the Skirmisher (level 4, -8/38 HPs)
             Began as a Demigod Fighter on Sept 28, 2016.
             Mangled by Sigmund
             ... wielding a +0 scythe
              (10 damage)
             ... on level 2 of the Dungeon.
             The game lasted 00:04:49 (1608 turns).

st0uf the Skirmisher (Demigod Fighter)              Turns: 1608, Time: 00:04:50

Health: -8/38      AC: 10    Str: 19    XL:     4   Next: 11%
Magic:  6/6        EV: 10    Int: 12    God:
Gold:   76         SH:  0    Dex: 17    Spells: 0 memorised, 3 levels left

rFire  . . .     SeeInvis .     a - +0 long sword
rCold  . . .     Gourm    .     b - +0 scale mail
rNeg   . . .     Faith    .     (no shield)
rPois  .         Spirit   .     r - +0 helmet
rElec  .         Dismiss  .     (no cloak)
rCorr  .         Reflect  .     (no gloves)
MR     .....     Harm     .     h - +0 pair of boots
Stlth  ..........               (no amulet)
                                (no ring)
                                (no ring)

@: no status effects
A: high mp 1
a: no special abilities


You were on level 2 of the Dungeon.
You were hungry.

You visited 1 branch of the dungeon, and saw 2 of its levels.

You collected 76 gold pieces.

Inventory:

Hand Weapons
 a - a +0 long sword (weapon)
Armour
 b - a +0 scale mail (worn)
 h - a +0 pair of boots (worn)
 r - a +0 helmet (worn)
Jewellery
 c - an uncursed ring of ice
Scrolls
 e - a scroll of immolation {unknown}
 l - a scroll of fear {unknown}
 n - 3 scrolls of enchant weapon {unknown}
 o - a scroll of remove curse {unknown}
 p - 2 scrolls of identify {unknown}
 q - a scroll of blinking {unknown}
Potions
 d - a potion of might
 j - a potion of ambrosia {unknown}
 k - a potion of invisibility {unknown}
Comestibles
 f - 4 bread rations
 g - a fruit
 m - a slice of pizza


   Skills:
 * Level 3.4 Fighting
 * Level 3.0 Long Blades
 + Level 3.0 Armour
 + Level 1.0 Dodging
   Level 2.6 Shields


You had 3 spell levels left.
You didn't know any spells.

Dungeon Overview and Level Annotations

Branches:
Dungeon (2/15)

Annotations:
D:2 Sigmund


Innate Abilities, Weirdness & Mutations

You have an increased reservoir of magic. (+10% MP)


Message History

You closely miss something.
You hear some strange, mumbled words.
A magic dart appears from out of thin air!
The magic dart hits you!
You barely miss something. Something hits you.
You hit something.
You hear some strange, mumbled words.
Something tries to affect you, but you resist.
You miss something.
You hear some strange, mumbled words.
A puff of flame appears from out of thin air!
The puff of flame hits you!
You hit something. Something hits you.
* * * LOW HITPOINT WARNING * * *
You miss something. Something hits you.
* * * LOW HITPOINT WARNING * * *
You hit something. Something hits you!
* * * LOW HITPOINT WARNING * * *
You completely miss something. Something hits you!
You die...

#### #.#.###.#.# ### ..##.
#.#....#.# #.. #.# #.## #.###.#.#
#.. #.#
..###....#.####.#########.# #.#
#.#.###................... #.#
#.####.#.................
#.#######....#.######.##########.
#..............######.# ##
############....@{....#
############


There were no monsters in sight!

Vanquished Creatures
  Terence (D:2)
  Robin (D:2)
  A worm (D:2)
  A dart slug (D:1)
  6 bats
  3 giant cockroaches
  14 goblins
  3 hobgoblins (D:2)
  2 jackals (D:2)
  3 frilled lizards
  7 kobolds
  4 rats (D:1)
46 creatures vanquished.

Notes
Turn   | Place    | Note
-------+----------+-------------------------------------------
     0 | D:1      | st0uf the Demigod Fighter began the quest for the Orb.
     0 | D:1      | Reached XP level 1. HP: 18/18 MP: 3/3
   205 | D:1      | Reached XP level 2. HP: 24/25 MP: 4/4
   822 | D:2      | Noticed Terence
   844 | D:2      | Killed Terence
   844 | D:2      | Reached XP level 3. HP: 12/31 MP: 5/5
  1034 | D:2      | Reached skill level 1 in Dodging
  1168 | D:2      | Found a stormy altar of Qazlal.
  1176 | D:2      | Found a glowing golden altar of the Shining One.
  1269 | D:2      | Noticed Robin
  1289 | D:2      | Killed Robin
  1289 | D:2      | Reached XP level 4. HP: 23/38 MP: 6/6
  1590 | D:2      | Noticed Sigmund
  1608 | D:2      | Mangled by Sigmund

Vault maps used:
D:1:      denvon_arrival_planthouse
D:2:      tso_oasis_becter, lemuel_crystal_altar, hangedman_decor_points,
          uniq_sigmund, uniq_robin, uniq_terence

Skill      XL: |  1  2  3 |
---------------+----------+-----
Long Blades    | 2 3 |  3.0
Fighting       | 3 |  3.4
Armour         | 3 |  3.0
Dodging        | 1 |  1.0
Shields        | |  2.6

Action                   |  1- 3 |  4- 6 || total
-------------------------+-------+-------++-------
Melee: Long sword        |   176 |    21 ||   197
  Eat: Chunk             |     1 |     1 ||     2
Armor: Scale mail        |    82 |     6 ||    88
Dodge: Dodged            |    77 |     4 ||    81
Block: Shield            |     6 |       ||     6
